 Dungeon Crawl Stone Soup version 0.20.1-1-g8b1a95d (webtiles) character file.

58 letownia2 the Grave Robber (level 3, 0/28 HPs)
             Began as a Deep Dwarf Necromancer on Nov 25, 2017.
             Killed from afar by Sigmund (2 damage)
             ... with a puff of flame
             ... on level 3 of the Dungeon.
             The game lasted 00:02:34 (526 turns).

letownia2 the Grave Robber (Deep Dwarf Necromancer)  Turns: 526, Time: 00:02:35

Health: 0/28       AC:  5    Str: 10 (11) XL:     3   Next: 75%
Magic:  1/6        EV: 10    Int: 13 (16) God:
Gold:   28         SH:  0    Dex: 12 (13) Spells: 2/6 levels left

rFire    . . .     SeeInvis .   a - +0 dagger
rCold    . . .     Gourm    .   (no shield)
rNeg     . . .     Faith    .   e - +0 ring mail
rPois    .         Spirit   .   (no helmet)
rElec    .         Reflect  .   (no cloak)
rCorr    .         Harm     .   (no gloves)
MR       .....                  (no boots)
Stlth    +.........             (no amulet)
Regen    0.0/turn               (no ring)
MPRegen  0.1/turn               (no ring)

@: non-regenerating
A: damage resistance, heal wounds, sense surroundings 1, no regeneration
a: Heal Wounds


You were on level 3 of the Dungeon.
You were not hungry.

You visited 1 branch of the dungeon, and saw 4 of its levels.

You collected 28 gold pieces.

Inventory:

Hand Weapons
 a - a +0 dagger (weapon)
 i - a +0 war axe
Armour
 d - a +0 robe
 e - a +0 ring mail (worn)
 j - a +0 scale mail
Scrolls
 h - a scroll of enchant armour {unknown}
Books
 b - a book of Necromancy

   Spells                             Type                      Level
   a - Pain                           Necromancy                   1
   b - Animate Skeleton               Necromancy                   1
   c - Vampiric Draining              Necromancy                   3
   d - Regeneration                   Charms/Necromancy            3
   e - Animate Dead                   Necromancy                   4
   f - Control Undead                 Necromancy                   4
Comestibles
 c - a bread ration
 f - a chunk of flesh
 g - 2 royal jellies


   Skills:
 - Level 2.1 Dodging
 - Level 2.4 Stealth
 - Level 2.1 Spellcasting
 + Level 5.7 Necromancy


You had 2 spell levels left.
You knew the following spells:

 Your Spells              Type           Power        Failure   Level  Hunger
a - Pain                  Necr           ###.         6%          1    ##.....
v - Vampiric Draining     Necr           ###.......   19%         3    ####...


Dungeon Overview and Level Annotations

Branches:
Dungeon (4/15)
 Temple: D:4-7

Altars:

Annotations:
D:3 Sigmund


Innate Abilities, Weirdness & Mutations

You are resistant to damage.
You can heal yourself by infusing magical energy.
You passively map a small area around you.
You do not regenerate.


Message History

Sigmund barely misses you.
You feel less confused.
Found a stone staircase leading down.
Sigmund points at you and mumbles some strange words.
You resist with some effort.
Casting: Pain
Confirm with . or Enter, or press ? or * to list all spells.
Aiming: Pain
Press: ? - help, Shift-Dir - straight line, f/p - Sigmund
Aim: Sigmund, wielding a scythe and wearing a robe (severely wounded, chance to defeat MR: 81%) Sigmund writhes in agony!
Unknown command.
Unknown command.
Sigmund mumbles some strange words.
Sigmund flickers and vanishes!
Deactivating autopickup; reactivate with Ctrl-A.
Unknown command.
A puff of flame appears from out of thin air!
The puff of flame hits you!
You die...

##......#.#....,
#.##..##.#.?.. ,,,
#.##........# ,
#....(.#.####
#......#.########### *
#...........##.....#
#........##.##.....#.#
*##..>..####{##.......#
,####### #....@...#** *
,,* ####.....# #######
, ,


There were no monsters in sight!

Vanquished Creatures
  A hound (D:3)
  An adder (D:3)
  A dart slug (D:1)
  5 orcs
  A bat (D:3)
  A goblin (D:3)
  A kobold (D:1)
  2 rats (D:2)
13 creatures vanquished.

Notes
Turn   | Place    | Note
-------+----------+-------------------------------------------
     0 | D:1      | letownia2 the Deep Dwarf Necromancer began the quest for the Orb.
     0 | D:1      | Reached XP level 1. HP: 15/15 MP: 3/3
   174 | D:2      | Reached XP level 2. HP: 11/22 MP: 0/5
   375 | D:3      | Reached skill level 5 in Necromancy
   428 | D:4      | Noticed an orc warrior
   429 | D:4      | Reached XP level 3. HP: 12/28 MP: 3/6
   499 | D:3      | Noticed Sigmund
   505 | D:3      | Learned a level 3 spell: Vampiric Draining
   526 | D:3      | Killed from afar by Sigmund

Skill      XL: |  1  2 |
---------------+-------+-----
Spellcasting   | 2 |  2.1
Necromancy     | 5 |  5.7
Dodging        | |  2.1
Stealth        | |  2.4

Action                   || total
-------------------------++-------
Melee: Dagger            ||     6
 Cast: Pain              ||    33
  Use: Potion            ||     1
 Stab: Sleeping          ||     1
Armor: Robe              ||     4
       Ring mail         ||     4
Dodge: Dodged            ||    17
